 Dungeon Crawl Stone Soup version 0.31.0-12-g77e489cdc1 (webtiles) character file.

Game seed: 1798338568682996409

94 hawla the Trooper (level 4, -5/42 HPs)
             Began as a Minotaur Fighter on Feb 19, 2024.
             Slain by Crazy Yiuf
             ... wielding a +2 quarterstaff of chaos
              (11 damage)
             ... on level 2 of the Dungeon.
             The game lasted 00:03:08 (1348 turns).

hawla the Trooper (Minotaur Fighter)                Turns: 1348, Time: 00:03:10

Health: -5/42      AC:  6    Str: 17 (20) XL:     4   Next: 38%
Magic:  4/12       EV:  9    Int:  3 (5)  God:
Gold:   119        SH:  5    Dex: 11 (12) Spells: 3/3 levels left

rFire   . . .        a - +0 long sword
rCold   . . .        c - +0 buckler
rNeg    . . .        b - +0 scale mail
rPois   .            (helmet restricted)
rElec   .            (no cloak)
rCorr   .            (no gloves)
SInv    .            (no boots)
Will    .....        (no amulet) Stlth
                     k - ring of magical power
HPRegen 0.27/turn    (no ring)
MPRegen 0.13/turn

%: no passive effects
@: lethally poisoned (-5 -> -11)
A: horns 2, retaliatory headbutt
a: no special abilities


You were on level 2 of the Dungeon.
You visited 1 branch of the dungeon, and saw 2 of its levels.

You collected 119 gold pieces.

Inventory:

Hand Weapons
 a - a +0 long sword (weapon)
Armour
 b - a +0 scale mail (worn)
 c - a +0 buckler (worn)
Jewellery
 k - a ring of magical power (left hand)
Scrolls
 e - 3 scrolls of teleportation
 f - a scroll of identify
 h - a scroll of torment {unknown}
 l - a scroll of amnesia {unknown}
 m - a scroll of fear {unknown}
Potions
 n - a potion of curing


   Skills:
 + Level 5.3 Fighting
 - Level 2.4 Long Blades
 - Level 3.6 Armour
 - Level 5.0 Shields


You had 3 spell levels left.
You didn't know any spells.
Your spell library was empty.

Dungeon Overview and Level Annotations

Branches:
Dungeon (2/15)

Altars:

Annotations:
D:2 Crazy Yiuf, Natasha, Sigmund


Innate Abilities, Weirdness & Mutations

You have a pair of horns on your head.
You reflexively headbutt those who attack you in melee.


Message History

You hit the goblin. You headbutt the goblin.
You kill the goblin!
No target in view!
No target in view!
You enter the shallow water.
Moving in this stuff is going to be slow.
You see here a +0 dagger.
Found a hammer.
Found a hammer.
Found a runed translucent door.
You see here a +0 hammer.
Crazy Yiuf shouts!
Found a hammer.
You feel your magic capacity increase.
k - a ring of magical power (left hand)
You open the door. You barely miss Crazy Yiuf. Your headbutt misses Crazy Yiuf.
Crazy Yiuf hits you with a +2 quarterstaff of chaos!
Crazy Yiuf freezes you.
You closely miss Crazy Yiuf.
Crazy Yiuf screams, "Goldfish!
Two Orb Guardian sizzlefizz."
Crazy Yiuf barely misses you.
You barely miss Crazy Yiuf. You block Crazy Yiuf's attack.
Crazy Yiuf cries, "Whippet verde alas!"
Crazy Yiuf hits you with a +2 quarterstaff of chaos!
You closely miss Crazy Yiuf.
Crazy Yiuf hits you with a +2 quarterstaff of chaos!
You are poisoned.
You hit Crazy Yiuf.
Crazy Yiuf is lightly wounded.
* * * LOW HITPOINT WARNING * * *
You feel very sick. You block Crazy Yiuf's attack.
You closely miss Crazy Yiuf. You headbutt Crazy Yiuf.
Crazy Yiuf is moderately wounded.
* * * LOW HITPOINT WARNING * * *
You feel very sick.
Crazy Yiuf hits you with a +2 quarterstaff of chaos.
* * * LOW HITPOINT WARNING * * *
You are electrocuted!
You die...

#..............
####...........
#...........
#####
#...........
#).)#
##.........#
#...#
##...#...## ...
#.####### #g#
#.# ♣♣@♣ #.#
♣.♣♣ #.# ♣♣.♣
#.# ♣)♣♣ #.#
♣♣.♣♣ #.#
♣...♣♣ #.#
♣....♣ #.#
##..## #.#
#....######.#


You could see Crazy Yiuf.

Vanquished Creatures
  Natasha (D:2)
  2 adders (D:2)
  2 ribbon worms (D:2)
  8 endoplasms
  2 goblins (D:2)
  A hobgoblin (D:1)
  6 jackals (D:1)
  2 kobolds
  A quokka (D:2)
  5 ball pythons
  4 bats
  3 frilled lizards
  9 rats
46 creatures vanquished.

Notes
Turn   | Place    | Note
-------+----------+-------------------------------------------
     0 | D:1      | hawla the Minotaur Fighter began the quest for the Orb.
     0 | D:1      | Reached XP level 1. HP: 19/19 MP: 0/0
   158 | D:1      | Reached XP level 2. HP: 25/26 MP: 1/1
   630 | D:1      | Reached skill level 5 in Shields
   713 | D:2      | Reached XP level 3. HP: 31/33 MP: 2/2
   995 | D:2      | Noticed Natasha
  1005 | D:2      | Killed Natasha
  1006 | D:2      | Reached skill level 5 in Fighting
  1006 | D:2      | Reached XP level 4. HP: 24/42 MP: 3/3
  1082 | D:2      | Noticed Sigmund
  1098 | D:2      | Noticed Natasha
  1337 | D:2      | Found a runed translucent door.
  1338 | D:2      | Noticed Crazy Yiuf
  1348 | D:2      | Slain by Crazy Yiuf

Illustrated notes

Levels and vault maps discovered:
D:1:      mrwooster_arrival_statue_2, layout_loops_cross
D:2:      layout_rooms, serial_bayou, serial_bayou_shore_b,
          serial_bayou_shore_a, serial_bayou_pond_a, serial_bayou_lake_a,
          uniq_sigmund, uniq_crazy_yiuf_cottage, uniq_natasha

Skill      XL: |  1  2  3 |
---------------+----------+-----
Shields        | 4 5 |  5.0
Fighting       | 5 |  5.3
Long Blades    | |  2.4
Armour         | |  3.6

Action                     |  1- 3 |  4- 6 || total
---------------------------+-------+-------++-------
  Melee: Long sword        |    97 |    24 ||   121
         Headbutt          |     9 |     2 ||    11
    Use: Potion            |       |     7 ||     7
         Scroll            |       |     2 ||     2
 Armour: Scale mail        |    54 |    23 ||    77
  Dodge: Dodged            |    46 |     9 ||    55
  Block: Buckler           |    23 |     8 ||    31
